 Dungeon Crawl Stone Soup version 0.28-a0-313-gbc0475efdd (webtiles) character file.

Game seed: 15714176149148028284

121 Spaninq the Ruffian (level 5, 0/45 HPs)
             Began as a Ghoul Warper on Aug 31, 2021.
             Was an Initiate of Ashenzari.
             Slain by a hobgoblin (3 damage)
             ... on level 3 of the Dungeon.
             The game lasted 00:05:23 (2551 turns).

Spaninq the Ruffian (Ghoul Warper)                  Turns: 2551, Time: 00:05:24

Health: 0/45       AC:  4    Str: 16    XL:     5   Next: 5%
Magic:  6/6        EV: 11    Int:  8    God:    Ashenzari [......]
Gold:   187        SH:  0    Dex:  8    Spells: 7/7 levels left

rFire   . . .      SeeInvis .     - Unarmed
rCold   + . .      Faith    .   (no shield)
rNeg    + + +      Spirit   .   a - +0 leather armour
rPois   ∞          Reflect  .   (no helmet)
rElec   .          Harm     .   (no cloak)
rCorr   .          Rampage  .   (no gloves)
Will    .....                   e - +0 pair of boots
Stlth   +.........              (no amulet)
HPRegen 0.00/turn               (no ring)
MPRegen 0.10/turn               (no ring)

@: inhibited regen
A: claws 1, cold resistance 1, negative energy resistance 3, inhibited
regeneration, torment resistance 2
a: Renounce Religion, Curse Item


You were on level 3 of the Dungeon.
You worshipped Ashenzari.
Ashenzari was noncommittal.
You visited 1 branch of the dungeon, and saw 4 of its levels.

You collected 187 gold pieces.

Inventory:

Hand Weapons
 k - a +0 hand axe
Missiles
 c - 5 boomerangs of dispersal (quivered)
 d - 3 curare-tipped darts
Armour
 a - a +0 leather armour (worn)
 e - a +0 pair of boots (worn)
Wands
 i - a wand of charming (6)
 o - a wand of iceblast (8)
Scrolls
 b - a scroll of blinking
 f - 4 scrolls of teleportation
 g - a scroll of fear
 j - a scroll of silence
Potions
 h - a potion of ambrosia
 l - a potion of heal wounds
 m - a potion of resistance
 n - a potion of invisibility


   Skills:
 + Level 3.3 Fighting
 - Level 0.8 Throwing
 + Level 2.1 Armour
 - Level 1.7 Dodging
 * Level 4.2 Unarmed Combat
 - Level 1.7 Spellcasting
 - Level 2.6 Translocations


You had 7 spell levels left.
You didn't know any spells.
Your spell library contained the following spells:

 Spells                   Type           Power      Damage    Failure   Level
 Blink                    Tloc           N/A        N/A       22%         2
 Summon Small Mammal      Summ           0%         N/A       41%         1
 Gell's Gravitas          Tloc           2%         N/A       41%         3
 Lesser Beckoning         Tloc           5%         N/A       41%         3
 Teleport Other           Tloc           5%         N/A       41%         3
 Call Canine Familiar     Summ           0%         N/A       80%         3
 Summon Guardian Golem    Hex/Summ       0%         N/A       80%         3
 Manifold Assault         Tloc           5%         N/A       99%         5


Dungeon Overview and Level Annotations

Branches:
Dungeon (4/15)
 Temple: D:4-7

Altars:
Ashenzari
Cheibriados
Vehumet
Yredelemnul
Zin


Innate Abilities, Weirdness & Mutations

You thrive by killing the living.
You are immune to poison.
You have sharp fingernails.
Your flesh is cold resistant. (rC+)
You are immune to negative energy. (rN+++)
You do not regenerate when monsters are visible.
You are immune to unholy pain and torment.


Message History

The quokka is severely wounded.
The quokka bites you.
You scratch the quokka but do no damage.
The quokka is severely wounded.
The quokka closely misses you. The quokka barely misses you.
You miss the quokka.
The quokka is severely wounded.
The quokka closely misses you.
You barely miss the quokka.
The quokka is severely wounded.
The quokka bites you.
You barely miss the quokka.
The quokka is heavily wounded.
The quokka barely misses you.
You miss the quokka.
The quokka is heavily wounded.
The quokka bites you but does no damage.
You scratch the quokka.
You kill the quokka!
You feel better.
HP restored.
An ogre comes into view. It is wielding a +0 giant spiked club.
The ogre shouts!
A hobgoblin comes into view.
A giant cockroach comes into view.
You scratch the ogre.
The ogre is lightly wounded.
The ogre hits you with a +0 giant spiked club!
You barely miss the ogre.
The ogre is lightly wounded.
The ogre hits you with a +0 giant spiked club!!
* * * LOW HITPOINT WARNING * * *
There is a stone staircase leading up here.
The ogre hits you with a +0 giant spiked club!
* * * LOW HITPOINT WARNING * * *
The hobgoblin hits you but does no damage.
You climb upwards.
There is a stone staircase leading down here.
The hobgoblin hits you.
You die...

#...........######
#...........##....
#...........##.###
#...........##...#
##...........###...
#............# #...
#............# #...
#............# ##..
###g@.########## #..
#..>O..###### #..
#..)>.......########.
#............##......
#............+....#..
#............##.###.#
#.....(.........# ###
#####.##.....####
#.##.....#


You could see an ogre and a hobgoblin.

Vanquished Creatures
  An iron imp (D:3)
  A hound skeleton (D:2)
  A white imp (D:3)
  A dart slug (D:1)
  4 ball pythons
  6 endoplasms
  2 giant cockroaches
  9 goblins
  7 hobgoblins
  4 jackals (D:1)
  5 quokkas
  6 bats
  3 frilled lizards
  8 kobolds
  4 rats
62 creatures vanquished.

Vanquished Creatures (others)
  A fungus (D:1)
  3 toadstools (D:1)
4 creatures vanquished.

Grand Total: 66 creatures vanquished

Notes
Turn   | Place    | Note
-------+----------+-------------------------------------------
     0 | D:1      | Spaninq the Ghoul Warper began the quest for the Orb.
     0 | D:1      | Reached XP level 1. HP: 17/17 MP: 2/2
    63 | D:1      | Reached skill level 1 in Armour
   143 | D:1      | Reached XP level 2. HP: 25/25 MP: 3/3
   310 | D:1      | Reached skill level 3 in Unarmed Combat
   476 | D:1      | Reached XP level 3. HP: 23/30 MP: 4/4
   636 | D:1      | Found a faded altar of an unknown god.
   733 | D:1      | Became a worshipper of Vehumet
   733 | D:1      | Reached * piety under Vehumet
   733 | D:1      | Offered knowledge of Magic Dart by Vehumet.
   734 | D:1      | Fell from the grace of Vehumet
   878 | D:2      | Found a broken altar of Ashenzari.
   907 | D:2      | Became a worshipper of Ashenzari the Shackled
  1062 | D:2      | Reached XP level 4. HP: 38/38 MP: 5/5
  1792 | D:3      | Found a basalt altar of Yredelemnul.
  2214 | D:3      | Reached skill level 4 in Unarmed Combat
  2244 | D:3      | Found a snail-covered altar of Cheibriados.
  2262 | D:3      | Reached XP level 5. HP: 33/45 MP: 6/6
  2539 | D:4      | Noticed an ogre
  2551 | D:3      | Slain by a hobgoblin

Illustrated notes

Levels and vault maps discovered:
D:1:      nzn_arrival_depleted_hourglass, layout_basic, basic_ecumenical_altar,
          minmay_liquid_box, minmay_gold_behind_fungi
D:2:      layout_basic, basic_altar
D:3:      layout_basic, lemuel_crystal_altar, zin_treasury, slow_altar_2,
          hangedman_decor_push
D:4:      layout_rooms, minmay_temple_entry_glass, serial_shops, shop

Skill      XL: |  1  2  3  4 |
---------------+-------------+-----
Armour         | 1 2 |  2.1
Unarmed Combat | 3 4 |  4.2
Fighting       | 3 |  3.3
Throwing       | |  0.8
Dodging        | |  1.7
Spellcasting   | |  1.7
Translocations | |  2.6

Action                   |  1- 3 |  4- 6 || total
-------------------------+-------+-------++-------
Melee: Unarmed           |   106 |    73 ||   179
       Punch             |     2 |     1 ||     3
Invok: Renounce Religion |     1 |       ||     1
Armor: Leather armour    |    35 |    13 ||    48
Dodge: Dodged            |    58 |    32 ||    90

Table legend: (Time is in decaauts)
 A = Elapsed time spent in this place.
 B = Non-inter-level travel time spent in this place.
 C = Inter-level travel time spent in this place.
 D = Time resting spent in this place.
 E = Time spent auto-exploring this place.
 F = Levels seen in this place.
 G = Mean time per level.
                   A        B        C        D        E       F      G
               +--------+--------+--------+--------+--------+-----+--------+
         Total |   2546 |   2475 |     71 |      0 |   1914 |   4 |  636.5 |
       Dungeon |   2546 |   2475 |     71 |      0 |   1914 |   4 |  636.5 |
               +--------+--------+--------+--------+--------+-----+--------+

Top non-repeatable levels by time:
     D:2: 900 daAuts
     D:1: 838 daAuts
     D:3: 763 daAuts
     D:4: 43 daAuts
